 Dungeon Crawl Stone Soup version 0.27.1 (webtiles) character file.

Game seed: 5151922652748517421

76 Destapler the Skirmisher (level 4, -4/36 HPs)
             Began as a Minotaur Fighter on Aug 31, 2021.
             Was a Believer of Hepliaklqana.
             Slain by an orc (5 damage)
             ... on level 3 of the Dungeon.
             The game lasted 00:02:31 (2576 turns).

Destapler the Skirmisher (Minotaur Fighter)         Turns: 2576, Time: 00:02:31

Health: -4/36      AC:  7    Str: 21    XL:     4   Next: 12%
Magic:  3/3        EV:  7    Int:  5    God:    Hepliaklqana [**....]
Gold:   70         SH:  9    Dex: 10    Spells: 3/3 levels left

rFire    . . .     SeeInvis .   a - +0 war axe
rCold    . . .     Faith    .   c - +0 kite shield
rNeg     . . .     Spirit   .   b - +0 scale mail
rPois    .         Reflect  .   (helmet restricted)
rElec    .         Harm     .   (no cloak)
rCorr    .         Rampage  .   (no gloves)
Will     .....                  (no boots)
Stlth    ..........             (no amulet)
HPRegen  0.12/turn              (no ring)
MPRegen  0.08/turn              (no ring)

@: no status effects
A: reduced essence, horns 2, retaliatory headbutt
a: Renounce Religion, Recall Ancestor, Ancestor Identity


You were on level 3 of the Dungeon.
You worshipped Hepliaklqana.
Hepliaklqana was pleased with you.
You visited 1 branch of the dungeon, and saw 3 of its levels.

You collected 70 gold pieces.

Inventory:

Hand Weapons
 a - a +0 war axe (weapon)
Armour
 b - a +0 scale mail (worn)
 c - a +0 kite shield (worn)
Scrolls
 e - a scroll of noise {unknown}
 f - a scroll of identify {unknown}
 h - a scroll of magic mapping {unknown}
 i - a scroll of enchant armour {unknown}
 n - a scroll of summoning {unknown}
Potions
 d - a potion of might
 g - a potion of resistance {unknown}
 j - a potion of invisibility {unknown}
 k - a potion of mutation {unknown}
 l - a potion of haste {unknown}
 m - a potion of curing {unknown}


   Skills:
 + Level 4.3 Fighting
 + Level 3.3 Axes
 + Level 4.3 Armour
 + Level 4.3 Shields


You had 3 spell levels left.
You didn't know any spells.
Your spell library contained the following spells:

 Spells                   Type           Power      Damage    Failure   Level
 Sandblast                Erth           0%         2d4       99%         1
 Passwall                 Tmut/Erth      0%         N/A       100%        2
 Lee's Rapid Deconstruct  Erth           0%         3d5*      100%        5


Dungeon Overview and Level Annotations

Branches:
Dungeon (3/15)

Altars:
Hepliaklqana


Innate Abilities, Weirdness & Mutations

Your life essence is reduced to manifest your ancestor. (-10% HP)
You have a pair of horns on your head.
You reflexively headbutt those who attack you in melee.


Message History

You are too confused!
Unknown command.
You are too confused!
You barely miss Amala. You miss the orc wizard. You closely miss the orc.
You slash the endoplasm!
You kill the endoplasm!
The orc priest calls down the wrath of Beogh upon you.
Beogh smites you!
The orc wizard hits you but does no damage.
The orc barely misses you.
Amala hits the frilled lizard with a +0 dagger of draining.
The frilled lizard dies!
The orc wizard hits you with a +0 dagger.
You closely miss the orc wizard. You completely miss the orc priest.
You closely miss the orc. The orc misses you.
Amala hits the orc priest with a +0 dagger of draining.
The orc priest hits you with a +0 mace.
The orc wizard hits you but does no damage.
The orc hits you with a +0 short sword.
* * * LOW HITPOINT WARNING * * *
You closely miss the orc. You slash the orc wizard!
You completely miss the orc priest. The orc priest hits you with a +0 mace.
* * * LOW HITPOINT WARNING * * *
The orc wizard hits you but does no damage.
Amala hits the orc wizard but does no damage.
Amala drains the orc wizard.
The orc barely misses you. The orc priest closely misses you.
The orc wizard completely misses you.
You hit the orc.
The orc is severely wounded.
You miss the orc wizard. You hit the orc priest.
You feel less confused.
Amala misses the orc wizard.
The orc closely misses you.
The orc priest invokes the aid of Beogh against you.
Pain shoots through your body!
* * * LOW HITPOINT WARNING * * *
The orc wizard casts a spell at you. The puff of flame hits you.
* * * LOW HITPOINT WARNING * * *
The orc hits you with a +0 short sword.
You die...

#### .....##############
........#.........#
......o@R....#R##.....
####..oo...#.#.# ###
#####.#####.#.#.#
#.....# #.#.#.#########
#.###.# #..............
## #.#
#.#####.#.#..#######.
>..#####.#
#.....#.#.#.)#
......#.###.###...#.#..#
............# #..(.....#


You could see the friendly Amala the hexer, an orc priest, an orc wizard
(drained, ally target) and an orc.

Vanquished Creatures
  An adder (D:2)
  A dart slug (D:1)
  4 endoplasms
  2 hobgoblins
  A quokka (D:1)
  2 ball pythons
  A bat (D:2)
  2 frilled lizards
  6 goblins
  3 kobolds
  2 rats
25 creatures vanquished.

Vanquished Creatures (collateral kills)
  An orc wizard (D:3)
  An adder (D:2)
  A worm (D:2)
  A frilled lizard (D:3)
4 creatures vanquished.

Grand Total: 29 creatures vanquished

Notes
Turn   | Place    | Note
-------+----------+-------------------------------------------
     0 | D:1      | Destapler the Minotaur Fighter began the quest for the Orb.
     0 | D:1      | Reached XP level 1. HP: 19/19 MP: 0/0
   269 | D:1      | Reached XP level 2. HP: 27/27 MP: 1/1
   881 | D:1      | Found a faded altar of an unknown god.
   884 | D:1      | Became a worshipper of Hepliaklqana the Forgotten
   884 | D:1      | Reached * piety under Hepliaklqana
  1652 | D:2      | Reached XP level 3. HP: 29/29 MP: 2/2
  2099 | D:2      | Reached ** piety under Hepliaklqana
  2100 | D:2      | Remembered your ancestor Amala as a hexer
  2573 | D:3      | Reached XP level 4. HP: 31/36 MP: 3/3
  2576 | D:3      | HP: 1/36 [orc wizard/puff of flame (1)]
  2576 | D:3      | Slain by an orc

Illustrated notes

Levels and vault maps discovered:
D:1:      dpeg_arrival_water_fire, layout_basic,
          shapermc_ecumenical_altar_mp_vishouse, corexii_hall_statues_t,
          minmay_misc_feat_alley, minmay_tromino_v7
D:2:      layout_basic, serial_co_window_serial, co_window_paths_b,
          co_window_corner_a, co_window_paths_b, co_window_corner_a,
          co_window_paths_b, co_window_corner_b, co_window_cross_4,
          co_window_of_opportunity_c, co_window_4corner_a, co_window_paths_e,
          glass_columns_b, glass_columns_a, glass_columns_b,
          ebering_dispersal_statue_hall
D:3:      layout_loops_ring, uniq_crazy_yiuf_cottage, uniq_jessica

Skill      XL: |  1  2 |
---------------+-------+-----
Fighting       | 4 |  4.3
Axes           | 3 |  3.3
Armour         | 4 |  4.3
Shields        | 4 |  4.3

Action                   |  1- 3 |  4- 6 || total
-------------------------+-------+-------++-------
Melee: War axe           |    66 |     4 ||    70
       Headbutt          |     7 |       ||     7
Invok: Ancestor Identity |     1 |       ||     1
       Ancestor Life: He |     1 |       ||     1
Armor: Scale mail        |    21 |     3 ||    24
Dodge: Dodged            |    25 |     6 ||    31
Block: Kite shield       |    31 |       ||    31
